 Dungeon Crawl Stone Soup version 0.26-a0-487-gbff1e92059 (webtiles) character file.

Game seed: 6284717505838307418

8479 ANON1729 the Basher (level 11, -7/113 HPs)
             Began as a Troll Berserker on Aug 2, 2020.
             Was a High Priest of Trog.
             Killed from afar by Fannar (24 damage)
             ... with a bolt of cold
             ... on level 12 of the Dungeon.
             The game lasted 00:18:51 (8321 turns).

ANON1729 the Basher (Troll Berserker)               Turns: 8321, Time: 00:18:52

Health: -7/113     AC: 13    Str: 29    XL:     11   Next: 10%
Magic:  10/10      EV: 13    Int:  4    God:    Trog [*****.]
Gold:   327        SH:  5    Dex:  9    Spells: 10/10 levels left

rFire    . . .     SeeInvis .   a - +2 mace (vorpal)
rCold    . . .     Faith    .   (no shield)
rNeg     . . .     Spirit   .   b - +0 animal skin
rPois    .         Reflect  +   (helmet restricted)
rElec    .         Harm     .   j - +2 cloak
rCorr    .                      (gloves unavailable)
MR       .....                  (boots unavailable)
Stlth    ++........             w - amulet of reflection
HPRegen  0.68/turn              D - ring of stealth
MPRegen  0.12/turn              I - +4 ring of protection

@: berserk cooldown, slowed, very slow
A: large, unfitting armour, claws 3, regeneration 1, shaggy fur 1, tough skin 3
a: Berserk, Trog's Hand, Brothers in Arms, Renounce Religion


You were on level 12 of the Dungeon.
You worshipped Trog.
Trog was extremely pleased with you.
You visited 1 branch of the dungeon, and saw 13 of its levels.
You also visited: Sewer.

You collected 675 gold pieces.
You spent 348 gold pieces at shops.

Inventory:

Hand Weapons
 a - a +2 vorpal mace (weapon)
 f - a +2 great mace of flaming
 G - a +1 flail
Armour
 b - a +0 animal skin (worn)
 j - a +2 cloak (worn)
Jewellery
 c - an uncursed ring of resist corrosion
 o - an uncursed ring of ice
 w - an amulet of reflection (around neck)
 D - a ring of stealth (left claw)
 I - a +4 ring of protection (right claw)
Wands
 t - a wand of random effects (5)
 z - a wand of disintegration (9)
 H - a wand of flame (20)
Scrolls
 d - a scroll of identify
 i - 2 scrolls of teleportation
 m - 3 scrolls of remove curse
 n - 3 scrolls of enchant armour
 u - 2 scrolls of holy word
 v - 2 scrolls of enchant weapon
 y - 3 scrolls of fog
 A - a scroll of brand weapon {unknown}
Potions
 e - a potion of stabbing {unknown}
 g - 2 potions of degeneration {unknown}
 h - 6 potions of flight {unknown}
 k - 2 potions of mutation {unknown}
 l - 7 potions of heal wounds
 p - a potion of cancellation {unknown}
 q - 6 potions of curing
 r - 3 potions of resistance {unknown}
 x - 3 potions of ambrosia {unknown}
 B - 2 potions of haste
 C - a potion of invisibility {unknown}
 E - a potion of lignification {unknown}
 F - a potion of berserk rage {unknown}
Miscellaneous
 s - a lightning rod (inert)


   Skills:
 + Level 8.8 Fighting
 + Level 9.6 Maces & Flails
 + Level 8.8 Dodging


You had 10 spell levels left.
You didn't know any spells.
Your spell library was empty.

Dungeon Overview and Level Annotations

Branches:
Dungeon (13/15)            Temple (0/1) D:4             Orc (0/2) D:12
  Sewer (visited)
   Lair: D:8-11      Vaults: D:13-14

Altars:
Cheibriados
Dithmenos
Elyvilon
Gozag
Hepliaklqana
Makhleb
Nemelex Xobeh
Ru
Uskayaw
Vehumet
Xom
Yredelemnul
The Shining One

Shops:
D:4 !   D:5 }*

Annotations:
D:7 3 runed translucent doors, Conn's ghost, novice OpWz
D:12 Fannar


Innate Abilities, Weirdness & Mutations

You are too large for most types of armour.
You have claws for hands.
Your natural rate of healing is unusually fast.
You are covered in fur. (AC +1)
You have extremely tough skin. (AC +3)


Message History

* * * LOW HITPOINT WARNING * * *
The ice beast freezes you!
* * * LOW HITPOINT WARNING * * *
Fannar hits you with a +0 quarterstaff of freezing.
* * * LOW HITPOINT WARNING * * *
Fannar freezes you.
* * * LOW HITPOINT WARNING * * *
Evoke which item? (* to show all) (? for menu, Esc to quit)
Evoke which item? (* to show all) (? for menu, Esc to quit)
That's the wrong kind of item! (Use * to select it.) Evoke which item? (* to show all) (? for menu, Esc to quit)
Okay, then.
You feel much better. The ice beast barely misses you. Fannar misses you.
The ice beast hits you.
* * * LOW HITPOINT WARNING * * *
The ice beast freezes you!
* * * LOW HITPOINT WARNING * * *
Fannar casts a spell at you. The bolt of cold hits you!!
You die...

....#.......#
....#.......#
....##'###### ....# .#
.#### ## #########+#
###<####### #..........
†.........# #..........
##[(...)..####..........
#........÷.##.Y@.......
..........#.##...e......
##........#..'.......[..
#........####..........
#######.## #########+#
#...# #.### #.# #.#


You could see Fannar (icy armour) and an ice beast (summoned).

Vanquished Creatures
  An ugly thing (D:12)
  A hippogriff (D:7)
  3 shadows (D:12)
  Sigmund (D:2)
  A wyvern (D:5)
  Eustachio (D:3)
  Menkaure (D:4)
  3 vampire mosquitoes (D:12)
  3 two-headed ogre zombies (D:12)
  4 water moccasins
  3 ice beasts
  5 ogres
  2 sky beasts
  A black bear (D:7)
  A phantom (D:7)
  A necrophage (D:10)
  An orc warrior (D:9)
  3 centaurs
  3 big kobolds
  6 bullfrogs
  2 gnoll sergeants (D:9)
  A wyvern skeleton (D:12)
  A scorpion (D:7)
  4 killer bees (D:8)
  A troll zombie (D:12)
  4 howler monkeys
  8 wights
  4 centaur skeletons
  2 centaur zombies
  10 hounds
  2 jellies
  A quasit (D:9)
  3 orc priests (D:8)
  6 orc wizards
  An iguana (D:6)
  7 worker ants
  Ijyb (D:3)
  Terence (D:3)
  Natasha (D:2)
  4 ogre zombies (D:12)
  A hound skeleton (D:4)
  13 gnolls
  9 adders
  2 river rats (Sewer)
  3 shadow imps
  4 white imps
  An ooze (D:2)
  3 adder zombies
  3 worms
  9 leopard geckos
  7 orcs
  2 ball pythons
  6 giant cockroaches
  8 goblins
  A hobgoblin (D:2)
  14 jackals
  5 quokkas
  A ball python skeleton (D:4)
  6 bats
  2 frilled lizards
  A giant cockroach zombie (D:5)
  4 goblin skeletons
  6 goblin zombies
  4 hobgoblin zombies
  A jackal zombie (D:6)
  13 kobolds
  2 kobold skeletons (D:6)
  4 orc skeletons (D:12)
  17 orc zombies
  7 rats
268 creatures vanquished.

Vanquished Creatures (collateral kills)
  An orange crystal statue (D:9)
  An obsidian statue (D:9)
2 creatures vanquished.

Grand Total: 270 creatures vanquished

Notes
Turn   | Place    | Note
-------+----------+-------------------------------------------
     0 | D:1      | ANON1729 the Troll Berserker began the quest for the Orb.
     0 | D:1      | Reached XP level 1. HP: 22/22 MP: 0/0
   161 | D:1      | Reached XP level 2. HP: 29/29 MP: 1/1
   730 | D:2      | Reached skill level 3 in Maces & Flails
   853 | D:2      | Found a snail-covered altar of Cheibriados.
   853 | D:2      | Found an opulent altar of Gozag.
   881 | D:2      | Reached XP level 3. HP: 36/36 MP: 2/2
   893 | D:2      | Noticed Natasha
   901 | D:2      | Killed Natasha
  1014 | D:2      | Reached ** piety under Trog
  1014 | D:2      | Reached XP level 4. HP: 41/45 MP: 3/3
  1097 | D:2      | Noticed Terence
  1116 | D:3      | Killed Terence
  1264 | D:3      | Found a glowing drain.
  1286 | Sewer    | Entered a sewer
  1298 | Sewer    | Reached XP level 5. HP: 47/53 MP: 4/4
  1367 | Sewer    | Reached skill level 4 in Maces & Flails
  1394 | Sewer    | Found a white marble altar of Elyvilon.
  1861 | D:3      | Noticed Ijyb
  1875 | D:3      | Killed Ijyb
  1964 | D:3      | Reached XP level 6. HP: 62/62 MP: 5/5
  2039 | D:3      | Reached *** piety under Trog
  2283 | D:2      | Noticed Sigmund
  2307 | D:2      | Killed Sigmund
  2368 | D:2      | Found a shadowy altar of Dithmenos.
  2475 | D:4      | Noticed Menkaure
  2538 | D:4      | Killed Menkaure
  2538 | D:4      | Reached XP level 7. HP: 7/71 MP: 6/6
  2642 | D:4      | Reached skill level 5 in Maces & Flails
  2658 | D:4      | Noticed Eustachio
  2659 | D:4      | Found a sparkling altar of Nemelex Xobeh.
  2688 | D:3      | Killed Eustachio
  3119 | D:4      | Found a staircase to the Ecumenical Temple.
  3194 | D:4      | Found Dyamiax's Distillery.
  3202 | D:4      | Bought a potion of heal wounds for 70 gold pieces
  3202 | D:4      | Bought a potion of haste for 140 gold pieces
  3202 | D:4      | Bought a potion of curing for 42 gold pieces
  3283 | D:5      | Entered Level 5 of the Dungeon
  3364 | D:5      | Found Obreyc's Gadget Shop.
  3415 | D:5      | Reached skill level 5 in Fighting
  3425 | D:5      | Reached skill level 5 in Dodging
  3570 | D:5      | Found Xeelomuh's Assorted Antiques.
  3585 | D:5      | Reached XP level 8. HP: 63/80 MP: 7/7
  3590 | D:5      | Bought a scroll labeled TOINLO FARIA for 20 gold pieces
  3590 | D:5      | Bought a murky brown potion for 18 gold pieces
  3590 | D:5      | Bought a fizzy white potion for 18 gold pieces
  3590 | D:5      | Bought a scroll labeled QYIHUMI EKHI for 20 gold pieces
  3791 | D:5      | Bought a scroll labeled UZIOTA MUTHO for 20 gold pieces
  3864 | D:5      | Found a burning altar of Makhleb.
  3873 | D:5      | Reached skill level 6 in Maces & Flails
  4205 | D:6      | Found a glowing golden altar of the Shining One.
  4264 | D:6      | Reached **** piety under Trog
  4671 | D:6      | Found a shimmering altar of Xom.
  4857 | D:7      | Reached XP level 9. HP: 89/89 MP: 8/8
  4873 | D:7      | Found a runed translucent gate.
  4873 | D:7      | Found a runed translucent gate.
  4873 | D:7      | Found a runed translucent gate.
  4917 | D:7      | Noticed Conn's ghost (novice OpWz)
  4944 | D:7      | Reached skill level 7 in Maces & Flails
  5767 | D:8      | Reached ***** piety under Trog
  5767 | D:8      | Reached skill level 8 in Maces & Flails
  6126 | D:8      | Found a hide-covered altar of Uskayaw.
  6208 | D:8      | Found a hazy altar of Hepliaklqana.
  6325 | D:8      | Found a radiant altar of Vehumet.
  6492 | D:9      | Reached XP level 10. HP: 90/102 MP: 9/9
  6640 | D:9      | Found a sacrificial altar of Ru.
  6892 | D:9      | Found a white marble altar of Elyvilon.
  6958 | D:9      | Found a basalt altar of Yredelemnul.
  7039 | D:9      | Noticed an orange crystal statue
  7081 | D:9      | Killed an orange crystal statue
  7249 | D:9      | Noticed an obsidian statue
  7512 | D:9      | Noticed a smoke demon
  7516 | D:9      | Noticed a rust devil
  7603 | D:9      | Noticed a rust devil
  7609 | D:9      | Killed an obsidian statue
  7683 | D:10     | Entered Level 10 of the Dungeon
  7866 | D:10     | Reached skill level 9 in Maces & Flails
  7913 | D:10     | You fall into a shaft and drop 3 floors!
  7956 | D:13     | Noticed a cyan ugly thing
  7993 | D:12     | Noticed a purple ugly thing
  8019 | D:12     | Killed a purple ugly thing
  8116 | D:12     | Reached XP level 11. HP: 57/113 MP: 10/10
  8200 | D:12     | Found a staircase to the Orcish Mines.
  8253 | D:12     | Received a gift from Trog
  8298 | D:12     | Noticed Fannar
  8321 | D:12     | Killed from afar by Fannar

Illustrated notes

Levels and vault maps discovered:
D:1:      dpeg_arrival_arbitrary_a, layout_basic, minmay_misc_feat_roman
D:2:      layout_loops_cross, lemuel_crystal_altar,
          gammafunk_temple_overflow_elements, kennysheep_generic_room_3,
          uniq_terence, uniq_natasha, uniq_sigmund
D:3:      layout_loops_corners, portal_sewer_entry_f, uniq_ijyb
D:4:      layout_loops_ring, overflow_temple_1_default,
          minmay_temple_entry_stoned_glass, serial_shops, shop, minmay_ruptured,
          uniq_menkaure, uniq_eustachio
D:5:      layout_cave_pools, marbit_many_paths, serial_shops, shop,
          minmay_shop_grid_forest, minmay_crystal_room,
          kennysheep_generic_room_8
D:6:      layout_rooms, nicolae_tso_besieged_by_evil, kennysheep_mini_moat,
          grunt_decor_clamped, hangedman_abyss_or_decor_passed
D:7:      layout_rooms, gammafunk_ghost_split, minivault_27
D:8:      layout_basic, lemuel_round_altar, kennysheep_little_box,
          minmay_ruined_shrine
D:9:      minmay_separated_statues, layout_loops_ring, kennysheep_ying_yang,
          overflow_temple_1_default
D:10:     layout_big_octagon, basic_altar, minmay_guarded_unrand_variability
D:11:     layout_roguey [special_room_orc], dpeg_lair_monsters, uniq_erolcha,
          uniq_gastronok
D:12:     layout_roguey, zombieorc2_lemuel, enter_bailey_7, uniq_fannar
D:13:     layout_basic, serial_shops, shop, feat_on_display, uniq_nessos

Skill      XL: |  1  2  3  4  5  6  7  8  9 10 |
---------------+-------------------------------+-----
Maces & Flails | 3 4 5 6 8 9 |  9.6
Fighting       | 3 4 5 6 7 8 |  8.8
Dodging        | 3 4 5 6 7 8 |  8.8

Action                   |  1- 3 |  4- 6 |  7- 9 | 10-12 || total
-------------------------+-------+-------+-------+-------++-------
Melee: Mace              |    72 |   181 |   409 |    77 ||   739
       Flail             |       |       |   183 |   326 ||   509
Invok: Berserk           |       |     3 |     6 |     7 ||    16
       Brothers in Arms  |       |       |       |     3 ||     3
       Trog's Hand       |       |       |       |     3 ||     3
Evoke: Wand              |       |       |       |     7 ||     7
       Lightning rod     |       |       |       |     4 ||     4
  Use: Scroll            |       |       |     7 |     4 ||    11
       Potion            |       |       |       |     5 ||     5
 Stab: Sleeping          |     2 |     2 |     1 |     3 ||     8
Armor: Animal skin       |    29 |    96 |   244 |   206 ||   575
Dodge: Dodged            |    46 |   132 |   449 |   323 ||   950
Block: Other             |       |       |   181 |   104 ||   285
       Reflection        |       |       |     3 |     3 ||     6

Table legend: (Time is in decaauts)
 A = Elapsed time spent in this place.
 B = Non-inter-level travel time spent in this place.
 C = Inter-level travel time spent in this place.
 D = Time resting spent in this place.
 E = Time spent auto-exploring this place.
 F = Levels seen in this place.
 G = Mean time per level.
                   A        B        C        D        E       F      G
               +--------+--------+--------+--------+--------+-----+--------+
         Total |   8570 |   8175 |    395 |   1080 |   4647 |  14 |  612.1 |
       Dungeon |   8320 |   7925 |    395 |   1080 |   4527 |  13 |  640.0 |
         Sewer |    249 |    249 |      0 |      0 |    119 |   1 |  249.0 |
               +--------+--------+--------+--------+--------+-----+--------+

Top non-repeatable levels by time:
     D:9: 1292 daAuts
     D:8: 1097 daAuts
     D:3: 1059 daAuts
     D:5: 928 daAuts
     D:2: 769 daAuts
     D:1: 735 daAuts
     D:6: 662 daAuts
     D:4: 617 daAuts
     D:7: 543 daAuts
    D:12: 325 daAuts
   Sewer: 249 daAuts
    D:10: 207 daAuts
    D:13: 50 daAuts
    D:11: 30 daAuts
